Match 45447276
Unlisted

Match 45447276
End
Selects Special Operations Battlegroup
Selects Special Operations Battlegroup
Selects M29 Weasel Recon Vehicle
M29 Weasel Recon Vehicle
Construct Barracks
Riflemen Squad
Riflemen Squad
Selects Smoke Screen
Riflemen Squad
Infantry Support Center
M1918 Browning Automatic Rifles
Construct Weapon Support Center
Grenade Package
M3 Armored Personnel Carrier
Demolitions Package
Demolitions Package
Advanced Logistics
Construct Tank Depot
Engineer Squad
M18 Hellcat Tank Destroyer
Selects P-47 Anti-Infantry Loiter
Selects UNKNOWN (2162291)
M18 Hellcat Tank Destroyer
Smoke Screen
Munitions Surplus
P-47 Anti-Infantry Loiter
Mortar Pit
M4A1 Sherman Whizbang
Selects SSF Commando Squad
Selects Assault Operation
Smoke Screen
M18 Hellcat Tank Destroyer
M18 Hellcat Tank Destroyer
M18 Hellcat Tank Destroyer
Survival Training
STALKER4732
Devochkin
Triggler
CYB/R
0
0

Comments sign in to comment!

No comments posted yet!